 Dungeon Crawl Stone Soup version 0.28-a0-893-g5e322aebe8 (webtiles) character file.

Game seed: 11168002304664276273

43795 Peloso the Fencer (level 13, 0/125 HPs)
             Began as a Minotaur Fighter on Nov 21, 2021.
             Was a High Priest of Okawaru.
             Slain by a purple ugly thing (3 damage)
             ... on level 15 of the Dungeon on Nov 22, 2021.
             The game lasted 00:41:06 (15285 turns).

Peloso the Fencer (Minotaur Fighter)               Turns: 15285, Time: 00:41:07

Health: 0/125      AC: 27    Str: 34    XL:     13   Next: 92%
Magic:  12/12      EV: 13    Int: 12    God:    Okawaru [*****.]
Gold:   1559       SH:  7    Dex: 18    Spells: 12/12 levels left

rFire   + + .      SeeInvis +   a - +0 long sword (freeze)
rCold   x . .      Faith    .   c - +0 buckler
rNeg    . . .      Spirit   .   d - +4 chain mail of Ewoan {Drain Regen+ Str+10 Int+5}
rPois   .          Reflect  .   w - +1 hat {SInv}
rElec   .          Harm     .   S - +2 cloak of Jetuaj {Dex+6}
rCorr   .          Rampage  .   R - +2 pair of gloves {Stlth+}
Will    .....                   N - +0 pair of boots
Stlth   ..........              (no amulet)
HPRegen 1.30/turn               H - ring of protection from fire
MPRegen 0.13/turn               Q - ring "Lelifurr" {Fire Int+2}

@: lethally poisoned (0 -> 0)
A: horns 2, retaliatory headbutt
a: Renounce Religion, Heroism, Finesse, Duel


You were on level 15 of the Dungeon.
You worshipped Okawaru.
Okawaru was extremely pleased with you.
You visited 4 branches of the dungeon, and saw 19 of its levels.
You also visited: Gauntlet.

You collected 1559 gold pieces.

Inventory:

Hand Weapons
 a - a +0 long sword of freezing (weapon)
 b - a +5 demon trident of venom
 n - a +2 hand axe of flaming
Armour
 c - a +0 buckler (worn)
 d - the +4 chain mail of Ewoan (worn) {Drain Regen+ Str+10 Int+5}
   (You found it on level 4 of the Dungeon)

   Str:       It affects your strength (+10).
   Int:       It affects your intelligence (+5).
   Regen:     It increases your rate of health regeneration.
   Drain:     It drains your maximum health when unequipped.
 w - a +1 hat of see invisible (worn)
 N - a +0 pair of boots (worn)
 P - a scarf of repulsion
 R - a +2 pair of gloves of stealth (worn)
 S - the +2 cloak of Jetuaj (worn) {Dex+6}
   (You found it in a Gauntlet)

   Dex:       It affects your dexterity (+6).
Jewellery
 m - a ring of magical power
 o - a ring of resist corrosion
 s - a +6 ring of strength
 t - an amulet of magic regeneration
 D - a ring of willpower
 H - a ring of protection from fire (left hand)
 K - a ring of ice
 O - a +4 ring of evasion
 Q - the ring "Lelifurr" (right hand) {Fire Int+2}
   (You found it in a Gauntlet)

   [ring of fire]

   It enhances your fire magic.
   Int:       It affects your intelligence (+2).
   rF:        It protects you from fire.
   rC:        It makes you vulnerable to cold.
 T - a +4 ring of evasion
 V - a +6 ring of dexterity
Wands
 e - a wand of flame (7)
 k - a wand of polymorph (16)
 x - a wand of iceblast (29)
 J - a wand of acid (8)
 U - a wand of paralysis (8)
Scrolls
 i - 2 scrolls of teleportation
 j - 2 scrolls of silence
 q - 2 scrolls of noise
 u - 7 scrolls of enchant weapon
 y - 4 scrolls of immolation
 z - 2 scrolls of enchant armour
 A - a scroll of holy word
 C - 3 scrolls of magic mapping
 E - a scroll of fear
 F - 2 scrolls of fog
 L - a scroll of summoning {unknown}
 M - a scroll of amnesia
Potions
 f - 2 potions of mutation {unknown}
 g - 2 potions of brilliance
 h - a potion of ambrosia
 l - a potion of flight
 p - 2 potions of cancellation
 r - a potion of attraction {unknown}
 v - a potion of magic {unknown}
 B - 2 potions of curing
 I - 3 potions of might
 W - a potion of haste {unknown}
Miscellaneous
 G - a tin of tremorstones (2/2)


   Skills:
 + Level 14.5 Fighting
 + Level 16.1 Long Blades
 + Level 1.8 Axes
 + Level 15.0 Armour
 + Level 6.2 Dodging
 + Level 1.6 Stealth
 + Level 11.6 Shields
 + Level 1.1 Invocations
 + Level 0.2 Evocations


You had 12 spell levels left.
You didn't know any spells.
Your spell library contained the following spells:

 Spells                   Type           Power      Damage    Failure   Level
 Magic Dart               Conj           0%         1d3       67%         1
 Passwall                 Tmut/Erth      0%         N/A       80%         2
 Searing Ray              Conj           0%         2d4       80%         2
 Conjure Flame            Conj/Fire      0%         6-21      95%         3
 Dazzling Flash           Conj/Hex       0%         N/A       95%         3
 Ignite Poison            Fire/Tmut/Pois 0%         N/A       95%         3
 Mephitic Cloud           Conj/Pois/Air  0%         N/A       95%         3
 Portal Projectile        Hex/Tloc       0%         N/A       95%         3
 Swiftness                Air            0%         N/A       95%         3
 Fulminant Prism          Conj/Hex       0%         3d6       100%        4
 Sticky Flame             Conj/Fire      0%         2d3       100%        4
 Agony                    Necr           0%         N/A       100%        5
 Blade Hands              Tmut           0%         N/A       100%        5
 Excruciating Wounds      Necr           0%         N/A       100%        5
 Fireball                 Conj/Fire      0%         3d3       100%        5
 Freezing Cloud           Conj/Ice/Air   0%         6-21      100%        5
 Irradiate                Conj/Tmut      0%         3d13      100%        5
 Iskenderun's Battlesphe  Conj           0%         2d6       100%        5
 Silence                  Hex/Air        0%         N/A       100%        5
 Conjure Ball Lightning   Conj/Air       0%         3x3d6     100%        6
 Dragon Form              Tmut           0%         N/A       100%        7
 Orb of Destruction       Conj           0%         N/A       100%        7
 Fire Storm               Conj/Fire      0%         5d1       100%        9


Dungeon Overview and Level Annotations

Branches:
Dungeon (13/15)            Temple (1/1) D:6            Lair (2/6) D:10
    Orc (2/2) D:10            Elf (0/3) Orc:2       Gauntlet (visited)
  Swamp: Lair:2-4    Shoals: Lair:2-4     Snake: Lair:2-4    Spider: Lair:2-4
 Vaults: D:13-14

Altars:
Ashenzari
Cheibriados
Dithmenos
Elyvilon
Fedhas
Gozag
Hepliaklqana
Kikubaaqudgha
Makhleb
Nemelex Xobeh
Okawaru
Qazlal
Ru
Sif Muna
Trog
Uskayaw
Vehumet
Wu Jian
Xom
Yredelemnul
Zin
The Shining One
Beogh

Shops:
D:2 =   D:6 (   D:11 =   Orc:1 ?   Orc:2 [(*(=


Innate Abilities, Weirdness & Mutations

You have a pair of horns on your head.
You reflexively headbutt those who attack you in melee.


Message History

The purple ugly thing barely misses you.
You furiously retaliate!
You headbutt the purple ugly thing!
You block the purple ugly thing's attack.
You feel very sick. The purple ugly thing kicks you.
* * * LOW HITPOINT WARNING * * *
You block the purple ugly thing's attack.
The green ugly thing closely misses you.
You furiously retaliate!
You headbutt the green ugly thing.
The purple ugly thing trunk-slaps you but does no damage.
The purple ugly thing closely misses you.
You furiously retaliate!
You headbutt the purple ugly thing!
You feel very sick.
The purple ugly thing barely misses you.
You furiously retaliate!
You headbutt the purple ugly thing!
The purple ugly thing barely misses you.
The green ugly thing barely misses you. You furiously retaliate!
You headbutt the green ugly thing!
You block the purple ugly thing's attack.
The green ugly thing barely misses you.
The purple ugly thing closely misses you.
You furiously retaliate!
You headbutt the purple ugly thing!
You feel sick.
The purple ugly thing closely misses you.
You block the green ugly thing's attack.
The green ugly thing engulfs you but does no damage.
The purple ugly thing barely misses you.
You furiously retaliate!
You headbutt the purple ugly thing.
The purple ugly thing basks in the mutagenic energy from its kin and changes!
The purple ugly thing headbutts you but does no damage.
You feel sick.
The purple ugly thing completely misses you.
You furiously retaliate!
You headbutt the purple ugly thing, but do no damage.
The purple ugly thing trunk-slaps you but does no damage.
The green ugly thing closely misses you.
You furiously retaliate!
You headbutt the green ugly thing.
The green ugly thing punches you but does no damage.
The purple ugly thing headbutts you.
You die...

## ## #. . .#.
..# ... #.#
##.# #.# ##.Z#
#.#
##.##.uu#####.#
.....lu@u...#.#
##.##.uu###.#.#
##.## #.#.# #.
##.#.#
###.###.(..#
...........#
###.###...## ..
#..(## #.###


You could see 6 ugly things, a basilisk and a centaur warrior simulacrum.

Vanquished Creatures
  Rupert (Orc:2)
  Gastronok (Lair:2)
  The ghost of TryExcept the Fencer, a journeyman DgFi (Orc:2)
  An orc warlord (Orc:1)
  A minotaur (Gauntlet)
  Snorg (D:10)
  A green death (Gauntlet)
  Fannar (D:10)
  A boulder beetle (D:11)
  A hydra (D:13)
  3 two-headed ogres
  Urug (D:11)
  A hell hog (Gauntlet)
  3 orc high priests (Orc:2)
  Nergalle (Orc:1)
  A soul eater (Gauntlet)
  7 orc knights
  An oklob plant (D:7)
  4 orc sorcerers
  A manticore (D:12)
  Joseph (D:8)
  A black mamba (Lair:2)
  A gargoyle (D:10)
  Maggie (Lair:2)
  An unseen horror (D:12)
  8 cane toads
  A komodo dragon (D:10)
  2 kobold demonologists
  8 trolls
  8 blink frogs (Lair:2)
  Grinder (D:4)
  2 vampires
  A shadow (D:11)
  20 yaks
  3 wraiths
  2 wyverns
  3 basilisks
  4 fire bats (Gauntlet)
  3 steam dragons (D:9)
  5 vampire mosquitoes
  3 wargs
  Duvessa (D:6)
  4 water moccasins
  3 hell hounds (Gauntlet)
  38 orc warriors
  A swamp drake (D:10)
  A sky beast (D:6)
  8 ogres
  2 necrophages
  2 centaurs
  Blork the orc (D:4)
  15 kobold brigands
  6 bullfrogs
  2 scorpions (D:6)
  A wyvern zombie (D:6)
  A water moccasin skeleton (D:5)
  2 wyvern skeletons (D:5)
  Dowan (D:6)
  5 killer bees (D:8)
  2 wights (D:6)
  3 electric eels (Lair:2)
  5 howler monkeys
  5 bullfrog zombies
  4 hounds
  4 centaur zombies
  A gnoll shaman (D:7)
  24 orc priests
  2 bullfrog skeletons
  2 jellies
  A human zombie (D:6)
  2 iguanas
  Jessica (D:2)
  26 orc wizards
  A killer bee zombie (D:6)
  A hound skeleton (D:4)
  3 mummies (D:6)
  A howler monkey zombie (D:6)
  14 gnolls
  10 adders
  2 shadow imps (Gauntlet)
  3 white imps
  2 ufetubi
  3 worms (D:2)
  2 dart slugs
  97 orcs
  7 ball pythons
  3 bats
  6 endoplasms
  4 giant cockroaches
  5 goblins
  5 hobgoblins
  9 jackals
  2 quokkas
  3 frilled lizards (D:3)
  24 kobolds
  7 rats
  A bush (D:7)
503 creatures vanquished.

Vanquished Creatures (others)
  A fungus (Lair:2)
  18 plants
19 creatures vanquished.

Grand Total: 522 creatures vanquished

Notes
Turn   | Place    | Note
-------+----------+-------------------------------------------
     0 | D:1      | Peloso the Minotaur Fighter began the quest for the Orb.
     0 | D:1      | Reached XP level 1. HP: 19/19 MP: 0/0
   236 | D:1      | Reached XP level 2. HP: 24/27 MP: 1/1
   515 | D:1      | Found a faded altar of an unknown god.
   760 | D:2      | Reached skill level 3 in Long Blades
   817 | D:2      | Found Cuaxe's Jewellery Shop.
   837 | D:2      | Reached XP level 3. HP: 33/33 MP: 2/2
   942 | D:2      | Noticed Jessica
   949 | D:2      | Killed Jessica
   950 | D:2      | Reached XP level 4. HP: 40/40 MP: 3/3
  1033 | D:2      | Noticed a necrophage
  1039 | D:2      | Killed a necrophage
  1040 | D:2      | Reached skill level 4 in Long Blades
  1040 | D:2      | Reached skill level 1 in Dodging
  1040 | D:2      | Reached XP level 5. HP: 42/47 MP: 4/4
  1383 | D:2      | Reached skill level 5 in Long Blades
  2444 | D:3      | Found a sparkling altar of Nemelex Xobeh.
  2621 | D:3      | Reached XP level 6. HP: 39/55 MP: 5/5
  3416 | D:4      | Noticed Grinder
  3419 | D:4      | Paralysed by Grinder for 2 turns
  3444 | D:4      | Killed Grinder
  3445 | D:4      | Reached skill level 5 in Fighting
  3445 | D:4      | Reached skill level 6 in Long Blades
  3445 | D:4      | Reached skill level 5 in Armour
  3546 | D:4      | Reached XP level 7. HP: 61/61 MP: 6/6
  3690 | D:4      | Identified the +4 chain mail of Ewoan {Drain Regen+ Str+10
                  | Int+5}
  4063 | D:4      | Noticed Blork the orc
  4069 | D:4      | Killed Blork the orc
  4104 | D:5      | Entered Level 5 of the Dungeon
  4231 | D:5      | Reached skill level 7 in Long Blades
  4524 | D:5      | Identified the +0 chain mail of the Quahog {rC+}
  4672 | D:5      | Found a sacrificial altar of Ru.
  4735 | D:6      | Reached skill level 1 in Stealth
  4735 | D:6      | Reached XP level 8. HP: 70/70 MP: 7/7
  4753 | D:6      | Found a staircase to the Ecumenical Temple.
  4767 | Temple   | Entered the Ecumenical Temple
  4844 | D:6      | Reached skill level 8 in Long Blades
  4879 | D:6      | Reached skill level 5 in Shields
  4909 | D:6      | Noticed Duvessa
  4919 | D:6      | Killed Duvessa
  4929 | D:6      | Noticed Dowan
  4933 | D:6      | Killed Dowan
  4970 | D:6      | Reached skill level 9 in Long Blades
  5105 | D:6      | Found an opulent altar of Gozag.
  5190 | D:6      | Found Qiobbom's Weapon Shoppe.
  5265 | D:6      | Reached XP level 9. HP: 66/77 MP: 8/8
  5332 | D:6      | Reached skill level 10 in Long Blades
  5349 | D:6      | Found an ancient bone altar of Kikubaaqudgha.
  5882 | D:7      | Found a blossoming altar of Fedhas.
  5902 | D:7      | Noticed an oklob plant
  5935 | D:7      | Killed an oklob plant
  5936 | D:7      | Reached skill level 11 in Long Blades
  6105 | D:8      | Noticed Joseph
  6119 | D:8      | Killed Joseph
  6124 | D:8      | Reached XP level 10. HP: 84/88 MP: 9/9
  6164 | D:8      | Reached skill level 12 in Long Blades
  6542 | D:8      | Found a broken altar of Ashenzari.
  6592 | D:8      | Found an iron altar of Okawaru.
  6601 | D:8      | Became a worshipper of Warmaster Okawaru
  6837 | D:9      | Noticed a two-headed ogre
  6845 | D:9      | Killed a two-headed ogre
  6918 | D:9      | Found a hide-covered altar of Uskayaw.
  7005 | D:9      | Reached * piety under Okawaru
  7023 | D:9      | Reached skill level 10 in Armour
  7098 | D:9      | Reached skill level 13 in Long Blades
  7365 | D:10     | Entered Level 10 of the Dungeon
  7416 | D:10     | Noticed Fannar
  7436 | D:10     | Killed Fannar
  7436 | D:10     | Reached ** piety under Okawaru
  7437 | D:10     | Reached XP level 11. HP: 21/95 MP: 8/10
  7510 | D:10     | Noticed Snorg
  7520 | D:10     | Killed Snorg
  7709 | D:10     | Found a staircase to the Lair.
  7828 | D:10     | Found a shimmering altar of Xom.
  7829 | D:10     | Found a shimmering altar of Xom.
  7834 | D:10     | Found a shimmering altar of Xom.
  7910 | D:10     | Found a glowing silver altar of Zin.
  7962 | D:10     | Reached *** piety under Okawaru
  8304 | D:10     | Found a staircase to the Orcish Mines.
  8652 | D:11     | Reached skill level 14 in Long Blades
  8667 | D:11     | Reached skill level 10 in Fighting
  8700 | D:11     | Reached **** piety under Okawaru
  8748 | D:11     | Found Kacie's Jewellery Boutique.
  8752 | D:11     | Noticed a boulder beetle
  8781 | D:11     | Killed a boulder beetle
  8935 | D:11     | Reached skill level 5 in Dodging
  9010 | D:11     | Noticed Urug
  9035 | D:11     | Killed Urug
  9233 | D:11     | HP: 3/101 [poisoned by an orc warrior]
  9643 | D:12     | Reached ***** piety under Okawaru
  9644 | D:12     | Reached XP level 12. HP: 107/107 MP: 11/11
  9665 | D:12     | Noticed a two-headed ogre
  9671 | D:12     | Killed a two-headed ogre
 10306 | Lair:1   | Entered Level 1 of the Lair of Beasts
 10603 | Lair:1   | You fall into a shaft and drop 1 floor!
 10897 | Lair:2   | Received a gift from Okawaru
 10902 | Lair:2   | Reached skill level 15 in Long Blades
 10938 | Lair:2   | Noticed Maggie
 10950 | Lair:2   | Killed Maggie
 11003 | Lair:2   | Got the Collected Works on Ignition
 11196 | Lair:2   | Reached skill level 10 in Shields
 11367 | Lair:2   | Noticed Gastronok
 11439 | Lair:2   | Killed Gastronok
 11965 | Orc:1    | Entered Level 1 of the Orcish Mines
 11972 | Orc:1    | Paralysed by an orc sorcerer for 6 turns
 11983 | Orc:1    | Paralysed by an orc sorcerer for 3 turns
 12034 | D:10     | HP: 3/113 [orc knight (9)]
 12173 | D:10     | HP: 2/113 [orc knight (21)]
 12192 | D:10     | HP: 5/113 [orc knight (3)]
 12196 | D:10     | Reached XP level 13. HP: 24/119 MP: 12/12
 12755 | Orc:1    | Found Inuntio's Magic Scroll Emporium.
 12913 | Orc:1    | Noticed Nergalle
 12922 | Orc:1    | Killed Nergalle
 12922 | Orc:1    | Received a gift from Okawaru
 12942 | Orc:2    | Entered Level 2 of the Orcish Mines
 13018 | Orc:2    | Found a runed translucent door.
 13019 | Orc:2    | Noticed TryExcept's ghost (journeyman DgFi)
 13027 | Orc:2    | Found a staircase to the Elven Halls.
 13211 | Orc:2    | Found Noeklang's Assorted Antiques.
 13317 | Orc:2    | Noticed an orc warlord
 13375 | Orc:1    | Killed an orc warlord
 13487 | Orc:2    | Paralysed by an orc sorcerer for 5 turns
 13588 | Orc:2    | Noticed Rupert
 13619 | Orc:2    | Paralysed by Rupert for 4 turns
 13626 | Orc:2    | Killed Rupert
 13634 | Orc:2    | Reached skill level 1 in Invocations
 13702 | Orc:2    | Reached skill level 16 in Long Blades
 13864 | Orc:2    | Found Qeripasu's Antique Armour Emporium.
 13866 | Orc:2    | Found Qumepsil's Antique Weapon Shoppe.
 14158 | Orc:2    | Found Wokloix's Jewellery Emporium.
 14346 | Orc:2    | Found Omusasapu's Antique Weapon Boutique.
 14480 | Orc:2    | Killed TryExcept's ghost
 14722 | D:13     | Found a gate leading to a gauntlet.
 14738 | Gauntlet | Entered a Gauntlet
 14738 | Gauntlet | Found a transporter.
 14738 | Gauntlet | Found a transporter.
 14744 | Gauntlet | Found a transporter.
 14757 | Gauntlet | Found a transporter.
 14774 | Gauntlet | Found a transporter.
 14774 | Gauntlet | Found a transporter.
 14776 | Gauntlet | Found a transporter.
 14779 | Gauntlet | Found a transporter.
 14779 | Gauntlet | Found a transporter.
 14781 | Gauntlet | Noticed a green death
 14783 | Gauntlet | Found a runed translucent door.
 14793 | Gauntlet | Found a transporter.
 14808 | Gauntlet | Found a runed translucent door.
 14809 | Gauntlet | Found a transporter.
 14812 | Gauntlet | Noticed a minotaur
 14822 | Gauntlet | Found a transporter.
 14833 | Gauntlet | Found a transporter.
 14855 | Gauntlet | Found a transporter.
 14977 | Gauntlet | Noticed a bunyip
 14977 | Gauntlet | a goliath frog changed into a bunyip
 14987 | Gauntlet | Killed a green death
 14988 | Gauntlet | Reached skill level 1 in Axes
 14998 | Gauntlet | a bunyip changed into a satyr
 15004 | Gauntlet | Identified the ring "Lelifurr" {Fire Int+2}
 15034 | Gauntlet | Reached skill level 15 in Armour
 15063 | Gauntlet | Identified the +2 cloak of Jetuaj {Dex+6}
 15116 | Gauntlet | Killed a minotaur
 15131 | Gauntlet | Upgraded the game from 0.28-a0-881-gae16bb6c82 to
                  | 0.28-a0-893-g5e322aebe8
 15170 | D:13     | You fall into a shaft and drop 2 floors!
 15170 | D:15     | Entered Level 15 of the Dungeon
 15283 | D:15     | HP: 5/125 [poisoned by a green ugly thing]
 15285 | D:15     | Slain by a purple ugly thing

Illustrated notes

Levels and vault maps discovered:
D:1:      matt_arrival_spirals, layout_basic, ebering_ecumenical_altar_webs
D:2:      layout_basic, serial_shops, shop, fountainhead, fountainhead,
          st_stairs_8, uniq_jessica
D:3:      layout_basic, old_standard_altar, grunt_decor_clamped
D:4:      layout_basic, uniq_blork_the_orc, uniq_grinder
D:5:      layout_layer_cave, kennysheep_flooded_box
D:6:      minmay_angry_zag, layout_rooms, kennysheep_mini_moat,
          lemuel_mausoleum_altar_kikubaaqudgha, minmay_temple_entry_steel_oval,
          serial_shops, nicolae_shop_behind_doors, uniq_duvessa
D:7:      layout_cave_pools, tgw_fedhas
D:8:      layout_cave_pools, kennysheep_okawaru_gauntlet, marbit_many_paths,
          uniq_joseph
D:9:      layout_big_octagon, lemuel_doored_altar
D:10:     layout_stronghold, xom_redecorated,
          mainiacjoe_overflow_six_doors_small, david_lair_shrubbed, erik_orc_1,
          serial_column_ruins, column_ruins_hut_ruined, column_ruins_hut,
          column_ruins_corridor_T, column_ruins_open_tiny,
          column_ruins_corridor_dead_end, column_ruins_corridor_straight,
          skrybe_limestone_x, uniq_fannar, uniq_snorg
D:11:     layout_small_grid, serial_shops, nicolae_shop_advertising_works
          [nicolae_subvault_shop_adworks], special_room [special_room_kobold],
          uniq_urug
D:12:     layout_gridville
D:13:     layout_basic, david_vaults_2, gauntlet_entry_generic,
          nicolae_uskayaw_suspiria, uniq_erolcha, uniq_sonja, uniq_nessos
D:15:     grunt_enter_depths_snipers, layout_loops_ring, amethyst_killhole,
          minivault_25_ag
Temple:   nicolae_temple_god_jail
Lair:1:   layout_concentric_octagons, chequers_serial_rivers_small_a
Lair:2:   layout_cave_pods, infiniplex_staircase_pool, serial_bayou_shore_a,
          uniq_gastronok, uniq_maggie
Orc:1:    layout_diamond_mine, serial_shops, shop, special_room
          [special_room_orc], minmay_orc_temple_a, uniq_nergalle
Orc:2:    grunt_orc_community_town_hall, layout_diamond_mine,
          grunt_orc_community_big_house_2, grunt_orc_community_big_house_2,
          grunt_orc_community_house_3, grunt_orc_community_house_2,
          grunt_orc_community_house_2, grunt_orc_community_house_1,
          ebering_ghost_inner_flame, serial_shops, nicolae_shop_behind_doors,
          mines1_david, uniq_rupert

Skill      XL: |  1  2  3  4  5  6  7  8  9 10 11 12 13 |
---------------+----------------------------------------+-----
Long Blades    | 3 4 5 6 7 9 11 13 14 15 16 | 16.1
Fighting       | 4 5 6 7 8 10 12 14 | 14.5
Armour         | 4 5 6 7 8 10 11 13 15 | 15.0
Shields        | 4 5 7 8 9 10 11 | 11.6
Dodging        | 1 2 3 4 5 6 |  6.2
Stealth        | 1 |  1.6
Invocations    | 1 |  1.1
Axes           | 1 |  1.8
Evocations     | |  0.2

Action                   |  1- 3 |  4- 6 |  7- 9 | 10-12 | 13-15 || total
-------------------------+-------+-------+-------+-------+-------++-------
Melee: Long sword        |    50 |   127 |   265 |   587 |   427 ||  1456
       Headbutt          |     8 |    20 |    92 |   175 |   117 ||   412
       Hand axe          |       |       |       |       |     4 ||     4
Invok: Heroism           |       |       |       |     4 |     7 ||    11
Evoke: Wand              |       |       |       |     2 |       ||     2
  Use: Scroll            |       |     7 |     2 |    11 |     1 ||    21
       Potion            |       |     1 |       |     6 |     1 ||     8
Armor: Scale mail        |    31 |    65 |     1 |       |       ||    97
       Skin              |     1 |       |       |       |       ||     1
       Chain mail        |       |       |   112 |   244 |   303 ||   659
Dodge: Dodged            |    34 |    59 |   121 |   224 |   267 ||   705
       Repelled          |       |       |       |       |     2 ||     2
Block: Buckler           |     7 |    24 |    64 |   152 |   160 ||   407

Table legend: (Time is in decaauts)
 A = Elapsed time spent in this place.
 B = Non-inter-level travel time spent in this place.
 C = Inter-level travel time spent in this place.
 D = Time resting spent in this place.
 E = Time spent auto-exploring this place.
 F = Levels seen in this place.
 G = Mean time per level.
                   A        B        C        D        E       F      G
               +--------+--------+--------+--------+--------+-----+--------+
         Total |  15061 |  14371 |    690 |    484 |   9923 |  20 |  753.0 |
       Dungeon |  10942 |  10371 |    571 |    367 |   7478 |  14 |  781.6 |
        Temple |     72 |     72 |      0 |      0 |     28 |   1 |   72.0 |
          Lair |   1599 |   1529 |     70 |     26 |   1177 |   2 |  799.5 |
  Orcish Mines |   2053 |   2005 |     48 |     75 |   1231 |   2 | 1026.5 |
      Gauntlet |    392 |    392 |      0 |     16 |      9 |   1 |  392.0 |
               +--------+--------+--------+--------+--------+-----+--------+

Top non-repeatable levels by time:
    D:10: 1781 daAuts
     D:2: 1530 daAuts
   Orc:2: 1402 daAuts
  Lair:2: 1091 daAuts
     D:3: 1054 daAuts
    D:11: 844 daAuts
    D:12: 826 daAuts
     D:4: 799 daAuts
     D:1: 753 daAuts
     D:8: 702 daAuts
     D:6: 672 daAuts
   Orc:1: 650 daAuts
     D:7: 607 daAuts
     D:5: 607 daAuts
     D:9: 555 daAuts
